AoeStats
← Joaquito

Arabia

507649565Analyzed
2v2 RM · 13d ago on Sep 19, 2026· 53m 3s· 4 players
Game mode
Random Map
Map size
Medium (4 player)
Population
200
Speed
Normal
Resources
Standard
Victory
Conquest
Starting age
Dark Age
Ending age
Imperial Age
RankedLock teamsTeams togetherTeam positionsShared explorationLock speedFull tech treeHidden civsTurbo modeCheats
Victory
Defeat
🇮🇳 Franks · India
1137
+14
🇺🇸 Persians · United States
1129
+14
🇨🇱 Ethiopians · Chile
1109
-14
🇨🇱 Chinese · Chile
1082
-14
Joaquito
8:22 Loom
10:48 Feudal Age
24:11 Castle Age
22:03 Fletching
23:40 Double-Bit Axe
24:14 Crossbowman
25:22 Thumb Ring
27:45 Bodkin Arrow
27:51 Padded Archer Armor
29:28 Scale Mail Armor
31:18 Horse Collar
33:55 Forging
35:17 Chain Mail Armor
35:19 Leather Archer Armor
36:50 Ballistics
38:17 Wheelbarrow
40:16 Gold Mining
44:11 Gold Shaft Mining
47:15 Imperial Age
45:03 Hand Cart
48:34 Elite Skirmisher
cacadecaca38
3:58 Loom
11:28 Feudal Age
27:43 Castle Age
28:38 Forging
28:29 Scale Mail Armor
27:52 Pikeman
32:09 Wheelbarrow
33:00 Iron Casting
33:54 Double-Bit Axe
34:42 Chain Mail Armor
35:48 Squires
37:37 Hand Cart
47:37 Horse Collar
48:10 Bow Saw
48:01 Arson
ERRIPOOK69
11:51 Feudal Age
13:25 Loom
17:33 Castle Age
19:31 Fletching
22:02 Bodkin Arrow
25:20 Elite Skirmisher
33:01 Horse Collar
38:00 Imperial Age
36:26 Padded Archer Armor
36:25 Double-Bit Axe
37:31 Thumb Ring
38:46 Wheelbarrow
38:36 Leather Archer Armor
44:05 Ring Archer Armor
44:02 Conscription
47:42 Ballistics
50:46 Chemistry
51:09 Bow Saw
REDDY
6:13 Loom
9:06 Feudal Age
9:42 Double-Bit Axe
18:41 Castle Age
17:57 Scale Barding Armor
26:54 Husbandry
31:09 Wheelbarrow
30:20 Town Watch
35:28 Imperial Age
34:33 Chain Barding Armor
34:28 Light Cavalry
35:28 Gold Mining
35:53 Bow Saw
38:23 Ballistics
40:03 Plate Barding Armor
39:50 Cavalier
45:09 Paladin
46:02 Forging
49:01 Iron Casting
Connection lost

Rejoining the realm…

Still unreachable

The connection could not be restored.

Session expired

The server has moved on; the page needs a fresh start.